 Dungeon Crawl Stone Soup version 0.25.1-2-g60ff931df9 (webtiles) character file.

Game seed: 3374519550859669222

606858 DogServant the Conqueror (level 27, -7/199 HPs)
             Began as a Gargoyle Fighter on Nov 18, 2020.
             Was the Champion of Makhleb.
             Killed from afar by a hellion (29 damage)
             ... with damnation
             ... on level 4 of Gehenna on Nov 19, 2020.
             The game lasted 02:01:54 (58388 turns).

DogServant the Conqueror (Gargoyle Fighter)        Turns: 58388, Time: 02:01:55

Health: -7/199     AC: 58    Str: 34    XL:     27
Magic:  35/35      EV: 18    Int: 19    God:    Makhleb [******]
Gold:   15106      SH: 24    Dex: 18    Spells: 13/26 levels left

rFire    + + +     SeeInvis +   S - +10 morningstar "Eos" {elec, Halo rElec}
rCold    + + +     Gourm    .   Q - +3 kite shield of Mumblety Peg {*Contam rF+ rC+ rN++}
rNeg     + + +     Faith    .   N - +6 gold dragon scales
rPois    ∞         Spirit   .   t - +0 mask of the Dragon {MR+ Slay+3 SInv}
rElec    +         Reflect  +   P - +2 cloak of the Black Moon {Regen+}
rCorr    .         Harm     .   A - +0 pair of gloves of Lositynt {Regen+ Str+2 Int+3 Dex+4}
MR       ++++.                  E - +0 pair of boots of Fedhas's Inspiration {Str+4 Dex-5 SInv}
Stlth    ..........             F - amulet of reflection
HPRegen  1.23/turn              b - ring of Toaria {rF+ Str+2 Int+4 Dex+6 Stlth+}
MPRegen  0.24/turn              Z - ring "Zuniss" {rC+ MR+ AC+4}

@: flying, glowing, studying Conjurations
A: big wings, mutation resistance 1, negative energy resistance 1, electricity
resistance, unbreathing, petrification resistance, rot immunity, AC +20
}: 3/15 runes: barnacled, silver, gossamer
a: Stop Flying, Minor Destruction, Lesser Servant of Makhleb, Major Destruction,
Greater Servant of Makhleb, Renounce Religion


You were on level 4 of Gehenna.
You worshipped Makhleb.
Makhleb was exalted by your worship.
You were not hungry.

You visited 11 branches of the dungeon, and saw 50 of its levels.
You visited the Abyss 2 times.
You also visited: Sewer, Bailey, Ice Cave and Desolation.

You collected 16011 gold pieces.
You spent 905 gold pieces at shops.

Inventory:

Hand Weapons
 S - the +10 morningstar "Eos" (weapon) {elec, Halo rElec}
   (You acquired it on level 15 of the Dungeon)

   Occasionally, upon striking a foe, it will discharge some electrical energy
   and cause terrible harm.
   It insulates you from electricity.
Armour
 t - the +0 mask of the Dragon (worn) {MR+ Slay+3 SInv}
   (You bought it in a shop on level 2 of the Orcish Mines)

   It affects your accuracy and damage with ranged weapons and melee attacks
   (+3).
   It affects your resistance to hostile enchantments.
   It lets you see invisible.
 A - the +0 pair of gloves of Lositynt (worn) {Regen+ Str+2 Int+3 Dex+4}
   (You acquired it on level 3 of the Lair of Beasts)

   It affects your strength (+2).
   It affects your intelligence (+3).
   It affects your dexterity (+4).
   It increases your rate of regeneration.
 E - the +0 pair of boots of Fedhas's Inspiration (worn) {Str+4 Dex-5 SInv}
   (You found it on level 6 of the Dungeon)

   It affects your strength (+4).
   It affects your dexterity (-5).
   It lets you see invisible.
 N - +6 gold dragon scales (worn)
 P - the +2 cloak of the Black Moon (worn) {Regen+}
   (You found it in the Desolation of Salt)

   It increases your rate of regeneration.
 Q - the +3 kite shield of Mumblety Peg (worn) {*Contam rF+ rC+ rN++}
   (You took it off Donald on level 2 of the Spider Nest)

   It protects you from fire.
   It protects you from cold.
   It greatly protects you from negative energy.
   It causes magical contamination when unequipped.
Jewellery
 b - the ring of Toaria (left hand) {rF+ Str+2 Int+4 Dex+6 Stlth+}
   (You found it on level 1 of the Elven Halls)

   [ring of dexterity]

   It affects your strength (+2).
   It affects your intelligence (+4).
   It affects your dexterity (+6).
   It protects you from fire.
   It makes you more stealthy.
 c - an uncursed ring of resist corrosion
 F - an amulet of reflection (around neck)
 I - a +4 ring of evasion
 J - an uncursed ring of positive energy
 M - the ring "Geugostro" {*Slow rN+ MR+++ Str+9}
   (You found it on level 3 of the Elven Halls)

   [ring of positive energy]

   It affects your strength (+9).
   It protects you from negative energy.
   It affects your resistance to hostile enchantments.
   It may slow you when you take damage.
 Y - an uncursed ring of protection from fire
 Z - the ring "Zuniss" (right hand) {rC+ MR+ AC+4}
   (You found it on level 1 of the Elven Halls)

   [ring of protection]

   It affects your AC (+4).
   It protects you from cold.
   It affects your resistance to hostile enchantments.
Wands
 a - a wand of disintegration (48)
 u - a wand of flame (60)
 w - a wand of iceblast (55)
 y - a wand of digging (29)
 T - a wand of clouds (15)
Scrolls
 d - 8 scrolls of identify
 i - 5 scrolls of brand weapon
 m - 5 scrolls of fog
 p - 25 scrolls of teleportation
 s - 10 scrolls of fear
 v - 3 scrolls of magic mapping
 x - 22 scrolls of remove curse
 C - 8 scrolls of amnesia
 G - 5 scrolls of blinking
 K - 7 scrolls of immolation
 O - a scroll of enchant armour
 R - a scroll of torment
 W - 9 scrolls of enchant weapon
 X - 5 scrolls of summoning
Potions
 e - 3 potions of might
 g - 8 potions of berserk rage
 h - 5 potions of heal wounds
 j - 3 potions of resistance
 k - 11 potions of brilliance
 l - 19 potions of curing
 n - 10 potions of haste
 o - 6 potions of stabbing
 q - 4 potions of cancellation
 r - 12 potions of lignification
 B - 5 potions of mutation
 H - 8 potions of ambrosia
Books
 V - a manual of Conjurations
Miscellaneous
 z - a phial of floods
Comestibles
 f - 83 rations
 D - 10 chunks of flesh


   Skills:
 O Level 27 Fighting
 - Level 21.5 Maces & Flails
 - Level 15.1 Armour
 - Level 18.0 Dodging
 - Level 15.0 Shields
 + Level 6.5 Summonings
 - Level 16.8 Invocations
 - Level 8.0 Evocations


You had 13 spell levels left.
You knew the following spells:

 Your Spells              Type           Power        Failure   Level  Hunger
a - Spectral Weapon       Hex/Chrm       #.......     100%        3    ####...
b - Silence               Hex/Air        #.........   100%        5    ######.
c - Aura of Abjuration    Summ           ###.......   99%         5    ######.

Your spell library contained the following spells:

 Spells                   Type           Power        Failure   Level  Hunger
 Summon Butterflies       Summ           ###.....     17%         1    ##.....
 Summon Small Mammal      Summ           ###.         17%         1    ##.....
 Call Imp                 Summ           ###.....     26%         2    ###....
 Call Canine Familiar     Summ           ###.....     45%         3    ####...
 Recall                   Summ/Tloc      N/A          88%         3    ####...
 Summon Guardian Golem    Hex/Summ       ##......     88%         3    ####...
 Animate Skeleton         Necr           N/A          94%         1    ##.....
 Apportation              Tloc           #.....       94%         1    ##.....
 Beastly Appendage        Tmut           #.....       94%         1    ##.....
 Corona                   Hex            #......      94%         1    ##.....
 Foxfire                  Conj/Fire      #...         94%         1    ##.....
 Freeze                   Ice            #...         94%         1    ##.....
 Infusion                 Chrm           #...         94%         1    ##.....
 Pain                     Necr           #...         94%         1    ##.....
 Sting                    Tmut/Pois      #...         94%         1    ##.....
 Corpse Rot               Necr/Air       N/A          98%         2    ###....
 Ensorcelled Hibernation  Hex/Ice        #.....       98%         2    ###....
 Passwall                 Tmut/Erth      #.......     98%         2    ###....
 Poisonous Vapours        Pois/Air       #.....       98%         2    ###....
 Shroud of Golubria       Chrm/Tloc      #.....       98%         2    ###....
 Song of Slaying          Chrm           #.......     98%         2    ###....
 Summon Ice Beast         Ice/Summ       ##......     99%         4    #####..
 Summon Lightning Spire   Summ/Air       ##......     99%         4    #####..
 Summon Demon             Summ           ###.......   99%         5    ######.
 Confusing Touch          Hex            #.......     100%        3    ####...
 Dazzling Flash           Conj/Hex       #.....       100%        3    ####...
 Frozen Ramparts          Ice            #.....       100%        3    ####...
 Gell's Gravitas          Tloc           #.........   100%        3    ####...
 Ignite Poison            Fire/Tmut/Pois #.......     100%        3    ####...
 Lesser Beckoning         Tloc           #.........   100%        3    ####...
 Mephitic Cloud           Conj/Pois/Air  #.......     100%        3    ####...
 Ozocubu's Armour         Chrm/Ice       #.......     100%        3    ####...
 Static Discharge         Conj/Air       #.......     100%        3    ####...
 Stone Arrow              Conj/Erth      #.....       100%        3    ####...
 Tukima's Dance           Hex            #.......     100%        3    ####...
 Vampiric Draining        Necr           #.........   100%        3    ####...
 Animate Dead             Necr           N/A          100%        4    #####..
 Cause Fear               Hex            #.........   100%        4    #####..
 Dispel Undead            Necr           #.......     100%        4    #####..
 Hailstorm                Conj/Ice       #.......     100%        4    #####..
 Iskenderun's Mystic Bla  Conj/Tloc      #.......     100%        4    #####..
 Olgreb's Toxic Radiance  Pois           #.......     100%        4    #####..
 Passage of Golubria      Tloc           N/A          100%        4    #####..
 Petrify                  Tmut/Erth      #.......     100%        4    #####..
 Sticky Flame             Conj/Fire      #.......     100%        4    #####..
 Agony                    Necr           #.......     100%        5    ######.
 Alistair's Intoxication  Tmut/Pois      #.......     100%        5    ######.
 Excruciating Wounds      Chrm/Necr      #.........   100%        5    ######.
 Fireball                 Conj/Fire      #.........   100%        5    ######.
 Irradiate                Conj/Tmut      #.........   100%        5    ######.
 Metabolic Englaciation   Hex/Ice        #.........   100%        5    ######.
 Summon Forest            Summ/Tloc      ##........   100%        5    ######.
 Summon Mana Viper        Hex/Summ       ##......     100%        5    ######.
 Yara's Violent Unravell  Hex/Tmut       #.........   100%        5    ######.
 Conjure Ball Lightning   Conj/Air       #.........   100%        6    #######
 Eringya's Noxious Bog    Tmut/Pois      #.........   100%        6    #######
 Hydra Form               Tmut           #.........   100%        6    #######
 Invisibility             Hex            #.......     100%        6    #######
 Shadow Creatures         Summ           N/A          100%        6    #######
 Starburst                Conj/Fire      #.........   100%        6    #######
 Dragon Form              Tmut           #.........   100%        7    #######
 Malign Gateway           Summ/Tloc      ##........   100%        7    #######
 Ring of Flames           Chrm/Fire      #.........   100%        7    #######
 Summon Hydra             Summ           ###.......   100%        7    #######
 Controlled Blink         Tloc           N/A          100%        8    #######
 Discord                  Hex            #.........   100%        8    #######
 Ignition                 Fire           #.........   100%        8    #######
 Dragon's Call            Summ           ###.......   100%        9    #######
 Sublimation of Blood     Necr           Unusable     N/A         2    N/A
 Statue Form              Tmut/Erth      Unusable     N/A         6    N/A

Dungeon Overview and Level Annotations

Branches:
Dungeon (15/15)            Temple (1/1) D:6            Lair (6/6) D:11
 Shoals (4/4) Lair:2       Spider (4/4) Lair:2        Slime (0/5) Lair:5
    Orc (2/2) D:10            Elf (3/3) Orc:2        Vaults (5/5) D:13
  Crypt (0/3) Vaults:2     Depths (5/5) D:15           Hell (visited)
    Dis (0/7) Hell            Geh (4/7) Hell            Coc (0/7) Hell
    Tar (0/7) Hell            Zot (0/5) Depths:5      Sewer (visited)
 Bailey (visited)           IceCv (visited)         Desolation (visited)

Altars:
Ashenzari
Cheibriados
Dithmenos
Elyvilon
Fedhas
Gozag
Hepliaklqana
Kikubaaqudgha
Makhleb
Nemelex Xobeh
Okawaru
Qazlal
Ru
Sif Muna
Trog
Uskayaw
Vehumet
Wu Jian
Xom
Yredelemnul
Zin
The Shining One
Beogh
Lugonu

Shops:
D:11 (   D:12 %   Orc:2 :([%!   Elf:1 ?   Vaults:1 *   Vaults:2 (

Portals:
Hell: Depths:1 Depths:2 Depths:3 Depths:4 Depths:5
Abyss: Depths:4 Depths:5
Pandemonium: Depths:1 Depths:3 Depths:5
Ziggurat: Depths:1
Trove: Elf:2 (show slimy rune of Zot)

Annotations:
D:7 2 transporters
Lair:2 1 runed translucent door, Weugil's ghost, journeyman HaBe
Lair:3 2 transporters, passata's ghost, journeyman DEFE
Lair:6 1 runed translucent door
Shoals:1 3 runed translucent doors, pepi55's ghost, journeyman GnAM
Shoals:3 2 transporters, Name63's ghost, adept GnWz


Innate Abilities, Weirdness & Mutations

You are resistant to torment.
Your stone body is resilient. (AC +20)
You are immune to poison.
Your large and strong wings let you fly indefinitely.
You resist negative energy. (rN+)
You are resistant to electric shocks. (rElec)
You can survive without breathing.
You are immune to petrification.
You are immune to rotting.
You are somewhat resistant to further mutation.


Message History

A fire elemental comes into view. 4 hellions come into view.
The hellion gives a hideous shriek!
You hear a hideous shriek!
The hellion gestures at you.
The sphere of damnation explodes!
The damnation engulfs you!! The smoke demon gestures at you.
Something smites you!
The hellion moves out of view. x3
You hear a hideous shriek!
You hear a shout! x2
A hellion and a Brimstone Fiend come into view.
The hellion gives a hideous shriek!
The Brimstone Fiend roars!
The hellion gives a hideous shriek! x2
The hellion gestures at you.
The sphere of damnation explodes!
The damnation engulfs you!!
* * * LOW HITPOINT WARNING * * *
The hellion gestures at you.
The sphere of damnation explodes!
The damnation engulfs you!!
* * * LOW HITPOINT WARNING * * *
The hellion gestures at you.
The sphere of damnation explodes!
The damnation engulfs you!!
You die...

°≈§°§.≈.≈≈
°§°3○≈≈≈≈≈#####
≈○2°☼≈≈≈..#...##
§222EE≈≈.#.....##≈.#
212≈≈≈§≈#.......#§.###
222≈§≈§≈........#....##
≈2≈≈≈≈≈.........#.....#
§≈≈≈≈§..##.....##.....##
§≈≈≈.≈≈.@##...##.......##
#≈§≈.Z....###'#.........#
##.≈.###..........>..§...
...≈≈ ###.....#....§....
.#.. ###.###.....∩#.. #.
#..###......### ##
#...#....#.#...
##.......###...
#..≈..........


You could see a Brimstone Fiend, a smoke demon, 8 hellions, 2 fire elementals
and an ice dragon skeleton.

Vanquished Creatures
  Mara (Depths:3)
  Mennas (Depths:3)
  A juggernaut (Depths:5)
  2 ancient liches
  Sojobo (Depths:3)
  A shard shrike (shapeshifter) (Depths:2)
  Margery (Depths:3)
  Saint Roka (Depths:4)
  Geryon (Hell)
  Nikola (Depths:1)
  the Enchantress (Depths:2)
  A golden dragon (Depths:2)
  A bone dragon (Abyss:3)
  2 Brimstone Fiends
  7 liches
  Jorgrun (Orc:2)
  A tentacled monstrosity (Vaults:4)
  A deep elf blademaster (Elf:3)
  A quicksilver dragon (Depths:4)
  5 titans
  3 deep elf master archers
  13 sphinxes
  2 ancient champions (Hell)
  A shadow dragon (shapeshifter) (Depths:3)
  2 storm dragons
  A tentacled starspawn (Abyss:2)
  13 tengu reavers
  Frances (D:13)
  Kirke (Lair:5)
  4 shadow dragons
  Donald (Spider:2)
  2 storm dragons (shapeshifter) (Depths:2)
  Roxanne (Elf:2)
  9 fire giants
  10 deep elf sorcerers
  An imperial myrmidon (Desolation)
  A draconian knight (Depths:5)
  13 frost giants
  4 balrugs
  A cacodemon (Hell)
  4 ghost moths
  19 vault wardens
  4 iron dragons
  An orc warlord (Orc:1)
  6 emperor scorpions (Spider:4)
  2 deep elf elementalists (Elf:3)
  A draconian shifter (Depths:5)
  2 angels (Depths:1)
  2 spriggan defenders (Depths:2)
  6 reapers
  9 war gargoyles
  25 ironheart preservers
  5 entropy weavers
  10 very ugly things
  17 stone giants
  A green draconian (Depths:5)
  2 vampire knights
  7 deep elf demonologists
  A purple draconian (Depths:5)
  A lorocyproca (Hell)
  Nessos (D:14)
  15 deep elf annihilators
  A red draconian (Depths:5)
  Azrael (D:11)
  A spark wasp (shapeshifter) (Depths:2)
  2 black draconians (Depths:5)
  2 yellow draconians (Depths:5)
  A halazid warlock (Desolation)
  9 spark wasps
  A dire elephant (Lair:6)
  15 ettins
  A green death (Hell)
  2 merfolk javelineers
  Snorg (Lair:4)
  5 mummy priests (Depths:3)
  9 crystal guardians
  7 fire dragons
  2 jiangshi (Depths:3)
  A quicksilver dragon zombie (Geh:2)
  4 deep elf death magi
  3 small abominations
  5 merfolk impalers
  6 ragged hierophants (Desolation)
  17 yaktaur captains
  7 deep elf high priests
  8 great orbs of eyes
  28 vault guards
  Josephine (Lair:5)
  3 rakshasas
  8 servants of whispers (Desolation)
  Erolcha (D:12)
  12 ice dragons
  3 hydras
  3 spriggan air magi
  2 catoblepae
  5 merfolk avatars
  8 peacekeepers
  3 juggernaut simulacra
  10 centaur warriors
  An alligator snapping turtle (Shoals:4)
  3 death knights
  21 ogre magi
  3 merfolk aquamancers
  6 deep troll shamans
  A vampire mage (Depths:3)
  32 dancing weapons
  14 death yaks
  Urug (Lair:5)
  58 two-headed ogres
  10 hell hogs
  2 tengu warriors
  6 deep troll earth magi
  3 spriggan berserkers
  A storm dragon zombie (Vaults:5)
  An orc high priest (Orc:1)
  23 deep elf knights
  2 soul eaters
  9 sun demons
  9 large abominations
  2 iron golems
  A shadow wraith (Vaults:3)
  A fire crab (shapeshifter) (Depths:5)
  An iron troll (D:13)
  10 sea snakes
  48 hell knights
  An unseen horror (shapeshifter) (Vaults:2)
  2 sixfirhies
  16 skeletal warriors (Hell)
  28 deep trolls
  5 starcursed masses (Abyss:2)
  2 golden dragon zombies
  4 glowing orange brains
  7 unseen horrors
  3 flayed ghosts
  3 lindwurms
  19 ironbrand convokers
  Pikel (D:7)
  24 deep elf archers
  7 wizards
  15 orb spiders
  A harpy (shapeshifter) (Vaults:4)
  22 necromancers
  21 ugly things
  A stone giant zombie (Vaults:2)
  77 deep elf magi
  An anaconda skeleton (Hell)
  36 harpies
  5 phantasmal warriors
  2 shadow dragon zombies
  An oklob plant (Lair:4)
  29 wolf spiders
  20 orc knights
  4 orc sorcerers
  4 mana vipers (shapeshifter)
  A glowing shapeshifter (Depths:2)
  A salamander (shapeshifter) (D:13)
  A salamander (D:15)
  A cyclops (shapeshifter) (Vaults:5)
  5 fauns
  10 cyclopes
  2 iron dragon skeletons
  2 shadow dragon skeletons
  A fire giant zombie (Geh:4)
  An elephant (shapeshifter) (Vaults:5)
  10 manticores
  2 moths of wrath
  6 merfolk sirens
  Maurice (D:8)
  An elf zombie (Depths:3)
  10 rust devils
  4 black mambas
  9 water nymphs
  Joseph (D:10)
  5 centaur zombies
  9 vault sentinels
  A stone giant skeleton (Geh:4)
  An eye of devastation (shapeshifter) (Vaults:3)
  5 torpor snails (Lair:6)
  An eye of devastation (Abyss:3)
  3 guardian serpents (Desolation)
  5 molten gargoyles
  4 orange demons
  2 ice statues
  2 dire elephant skeletons
  10 spiny frogs
  2 frost giant skeletons (Geh:4)
  A gargoyle (D:11)
  2 naga magi (Depths:2)
  An efreet (D:14)
  3 centaur skeletons
  A rime drake (Lair:5)
  4 hellions
  13 freezing wraiths
  A yaktaur zombie (Vaults:5)
  5 komodo dragons
  An anaconda simulacrum (Hell)
  A kobold demonologist (D:15)
  A catoblepas skeleton (Geh:1)
  2 tormentors
  15 demonic crawlers
  36 yaktaurs
  2 golden dragon simulacra
  2 ice devils
  A merfolk (shapeshifter) (D:15)
  5 red devils
  6 trolls
  A shadow dragon simulacrum (Vaults:3)
  42 jumping spiders
  An ancient zyme (Abyss:3)
  A jumping spider (shapeshifter) (Vaults:5)
  22 merfolk
  3 tyrant leeches (Lair:6)
  4 guardian mummies (Depths:3)
  26 polar bears
  3 wind drakes
  14 hornets
  A human skeleton (Vaults:2)
  3 tengu conjurers
  A hydra zombie (Hell)
  6 meliai
  A wind drake (shapeshifter) (D:14)
  A raiju (shapeshifter) (Depths:5)
  A hydra skeleton (Hell)
  40 saltlings
  An alligator zombie (Hell)
  A hippogriff (shapeshifter) (Vaults:4)
  22 slime creatures
  A dream sheep (shapeshifter) (Depths:5)
  A raiju (Lair:6)
  25 blink frogs
  12 snapping turtles
  A slime creature (shapeshifter) (Depths:2)
  2 ettin zombies
  5 air elementals
  3 centaur simulacra
  A redback (shapeshifter) (Vaults:3)
  12 hippogriffs
  An alligator skeleton (Hell)
  3 shadows
  64 redbacks
  4 spriggans
  8 water elementals
  7 wyverns
  8 wraiths
  3 yaks (shapeshifter)
  25 tarantellas
  A ynoxinul (Depths:3)
  45 yaks
  2 vampires
  4 hogs
  A basilisk (shapeshifter) (Depths:5)
  Eustachio (D:7)
  2 basilisks
  20 fire elementals
  A human (D:7)
  5 vampire mosquitoes
  2 neqoxecs
  3 hungry ghosts
  A chaos spawn (Depths:1)
  Menkaure (D:4)
  A yaktaur simulacrum (Vaults:1)
  A harpy simulacrum (Depths:2)
  A steam dragon (Lair:5)
  Edmund (D:4)
  11 wargs
  A deep troll zombie (Vaults:2)
  A swamp worm (shapeshifter) (Vaults:5)
  An acid dragon (Vaults:2)
  2 soldier ants
  A soldier ant (shapeshifter) (Elf:1)
  24 hell hounds
  7 porcupines
  A floating eye (shapeshifter) (Depths:3)
  15 water moccasins
  A porcupine (shapeshifter) (Depths:2)
  4 ice beasts
  65 orc warriors
  3 slaves
  4 phantoms
  6 sky beasts
  2 eyes of draining
  46 ogres
  13 black bears
  A black bear (shapeshifter) (Depths:4)
  2 elephant zombies (Lair:5)
  An alligator simulacrum (Hell)
  An eye of draining (shapeshifter) (Depths:3)
  7 boggarts
  2 necrophages
  40 wolves
  9 crocodiles
  26 centaurs
  17 bullfrogs
  A big kobold (shapeshifter) (Vaults:4)
  A komodo dragon zombie (Lair:5)
  7 big kobolds
  An earth elemental (Elf:2)
  A scorpion (D:10)
  13 killer bees
  2 howler monkeys
  38 wights
  3 electric eels
  12 crimson imps
  A quasit (Depths:1)
  3 human simulacra
  5 jellies
  2 bullfrog zombies
  6 hounds
  A human zombie (Geh:4)
  26 orc priests
  A bullfrog skeleton (D:13)
  2 iron imps (Depths:1)
  2 iguanas
  31 orc wizards
  6 worker ants
  2 hound skeletons
  Robin (D:3)
  A worker ant zombie (D:5)
  18 adders
  4 gnolls (D:9)
  5 river rats
  4 shadow imps
  4 white imps
  3 ufetubi
  4 oozes
  An adder skeleton (D:4)
  6 worms
  A dart slug (D:2)
  4 leopard geckos
  144 orcs
  17 ball pythons
  6 bats
  7 giant cockroaches
  26 goblins
  9 hobgoblins
  5 jackals
  46 kobolds
  10 quokkas
  4 frilled lizards
  A giant cockroach zombie (D:6)
  A leopard gecko zombie (D:5)
  An orc skeleton (Hell)
  32 rats
  A butterfly (Lair:3)
  A crawling corpse (Vaults:5)
2629 creatures vanquished.

Vanquished Creatures (collateral kills)
  5 death yaks
  A deep elf knight (Elf:2)
  An ironbrand convoker (Desolation)
  A deep elf mage (Elf:2)
  A black mamba (Lair:2)
  3 blink frogs (Lair:4)
  A yak (Lair:5)
  A bullfrog (Lair:4)
14 creatures vanquished.

Vanquished Creatures (others)
  2 tengu reavers (Depths:3)
  A spriggan defender (Depths:2)
  A merfolk impaler (Shoals:4)
  A jiangshi (Depths:3)
  A hell hog (Geh:4)
  A dancing weapon (Vaults:5)
  A hell knight (Hell)
  A deep elf knight (Vaults:2)
  2 deep elf archers (Elf:2)
  A deep elf mage (Depths:2)
  A rime drake (Lair:5)
  A saltling (Desolation)
  A human (Lair:5)
  An ogre (Vaults:3)
  A wolf (IceCv)
  A centaur (D:13)
  A crocodile (Lair:5)
  A swamp dragon skeleton (Geh:2)
  A wight (Geh:3)
  An orc wizard (Vaults:5)
  An iguana (D:14)
  A human simulacrum (Hell)
  An adder skeleton (D:7)
  An orc (Depths:4)
  A crawling corpse (Elf:3)
  11 fungi
  24 plants
  2 starspawn tentacles (Abyss:2)
64 creatures vanquished.

Grand Total: 2707 creatures vanquished

Notes
Turn   | Place    | Note
-------+----------+-------------------------------------------
     0 | D:1      | DogServant the Gargoyle Fighter began the quest for the
                  | Orb.
     0 | D:1      | Reached XP level 1. HP: 14/14 MP: 1/1
     6 | D:1      | Found a shattered altar of Ashenzari.
   120 | D:1      | Reached XP level 2. HP: 12/19 MP: 2/2
   561 | D:1      | Reached XP level 3. HP: 23/23 MP: 3/3
   651 | D:1      | You fall into a shaft and drop 1 floor!
   773 | D:2      | Reached XP level 4. HP: 6/29 MP: 4/4
  1181 | D:2      | Reached skill level 4 in Fighting
  1937 | D:3      | Reached XP level 5. HP: 33/33 MP: 5/5
  2272 | D:3      | Noticed Robin
  2305 | D:3      | Killed Robin
  3039 | D:4      | Reached XP level 6. HP: 34/39 MP: 6/6
  3078 | D:4      | Found a bloodstained altar of Trog.
  3078 | D:4      | Found a blossoming altar of Fedhas.
  3144 | D:4      | Found a glowing drain.
  3174 | Sewer    | Entered a sewer
  3643 | Sewer    | Reached skill level 5 in Fighting
  3643 | Sewer    | Reached skill level 5 in Armour
  3643 | Sewer    | Reached skill level 5 in Shields
  3643 | Sewer    | Reached XP level 7. HP: 21/44 MP: 7/7
  4655 | D:4      | Noticed Edmund
  4845 | D:4      | Noticed Menkaure
  4853 | D:4      | Killed Menkaure
  4853 | D:4      | Reached skill level 5 in Maces & Flails
  4996 | D:5      | Entered Level 5 of the Dungeon
  5109 | D:5      | Reached XP level 8. HP: 45/50 MP: 8/8
  5145 | D:5      | Found a stormy altar of Qazlal.
  5148 | D:5      | Noticed Eustachio
  5196 | D:5      | Noticed Pikel
  5862 | D:6      | Got a pair of heavily runed boots
  5873 | D:6      | Identified the +0 pair of boots of Fedhas's Inspiration
                  | {Str+4 Dex-5 SInv} (You found it on level 6 of the Dungeon)
  6141 | D:6      | Reached XP level 9. HP: 54/54 MP: 9/9
  6184 | D:6      | Found a staircase to the Ecumenical Temple.
  6200 | Temple   | Entered the Ecumenical Temple
  6256 | Temple   | Became a worshipper of Makhleb the Destroyer
  6962 | D:6      | Gained mutation: You are frail. (-10% HP) [potion of
                  | mutation]
  6962 | D:6      | Gained mutation: You are dopey. (Int -2) [potion of
                  | mutation]
  6962 | D:6      | Lost mutation: You are dopey. (Int -2) [potion of mutation]
  6962 | D:6      | Gained mutation: Your movements are slightly less
                  | encumbered by armour. (ER -2) [potion of mutation]
  6963 | D:6      | Lost mutation: You are frail. (-10% HP) [potion of
                  | mutation]
  6963 | D:6      | Lost mutation: Your movements are slightly less encumbered
                  | by armour. (ER -2) [potion of mutation]
  6963 | D:6      | Gained mutation: Your spells are a little harder to cast,
                  | but a little more powerful. [potion of mutation]
  6963 | D:6      | Gained mutation: Scrolls take you a little longer to read.
                  | [potion of mutation]
  6963 | D:6      | Gained mutation: Scrolls take you longer to read. [potion
                  | of mutation]
  6963 | D:6      | Gained mutation: You have a somewhat thin skeletal
                  | structure. (Dex +2, Stealth) [potion of mutation]
  6964 | D:6      | Lost mutation: Scrolls take you longer to read. [potion of
                  | mutation]
  6964 | D:6      | Lost mutation: Scrolls take you a little longer to read.
                  | [potion of mutation]
  6964 | D:6      | Lost mutation: You have a somewhat thin skeletal structure.
                  | (Dex +2, Stealth) [potion of mutation]
  6964 | D:6      | Gained mutation: Your spells are harder to cast, but more
                  | powerful. [potion of mutation]
  6964 | D:6      | Gained mutation: You have large cloven feet. [potion of
                  | mutation]
  6965 | D:6      | Lost mutation: Your spells are harder to cast, but more
                  | powerful. [potion of mutation]
  6965 | D:6      | Lost mutation: Your spells are a little harder to cast, but
                  | a little more powerful. [potion of mutation]
  6965 | D:6      | Gained mutation: You are agile. (Dex +2) [potion of
                  | mutation]
  6965 | D:6      | Gained mutation: Your mind is acute. (Int +2) [potion of
                  | mutation]
  7174 | D:7      | Reached skill level 10 in Maces & Flails
  7190 | D:7      | Killed Pikel
  7286 | D:7      | Killed Eustachio
  7489 | D:7      | Found a radiant altar of Vehumet.
  7577 | D:7      | Found a transporter.
  7795 | D:7      | Reached * piety under Makhleb
  7931 | D:7      | Found a glowing silver altar of Zin.
  7932 | D:7      | Noticed an angel
  7985 | D:7      | Found a transporter.
  8036 | D:7      | Reached skill level 1 in Dodging
  8045 | D:7      | Reached skill level 6 in Fighting
  8045 | D:7      | Reached XP level 10. HP: 54/60 MP: 10/10
  8286 | D:8      | Noticed Maurice
  8300 | D:8      | Killed Maurice
  8300 | D:8      | Reached skill level 7 in Fighting
  9023 | D:4      | Found a blossoming altar of Fedhas.
  9024 | D:4      | Found a bloodstained altar of Trog.
  9202 | D:4      | Killed Edmund
 10111 | D:8      | Found a shadowy altar of Dithmenos.
 10112 | D:8      | Found a shimmering altar of Xom.
 10333 | D:8      | Reached skill level 8 in Fighting
 10896 | D:9      | Reached skill level 5 in Dodging
 10999 | D:9      | Reached skill level 9 in Fighting
 11175 | D:9      | Reached XP level 11. HP: 71/71 MP: 11/11
 11212 | D:9      | Noticed a two-headed ogre
 11225 | D:10     | Entered Level 10 of the Dungeon
 11233 | D:10     | Noticed a two-headed ogre
 11242 | D:10     | Killed a two-headed ogre
 11266 | D:10     | Reached ** piety under Makhleb
 11436 | D:10     | Found a staircase to the Orcish Mines.
 11551 | D:10     | Reached skill level 10 in Fighting
 11988 | D:10     | Reached *** piety under Makhleb
 12009 | D:10     | Noticed Joseph
 12037 | D:10     | Killed Joseph
 13158 | D:9      | Killed a two-headed ogre
 13463 | D:8      | Found a shadowy altar of Dithmenos.
 13464 | D:8      | Found a shimmering altar of Xom.
 14261 | D:7      | Found a transporter.
 14343 | D:7      | Found a radiant altar of Vehumet.
 14481 | D:7      | Found a glowing silver altar of Zin.
 14607 | D:7      | Found a transporter.
 14881 | D:11     | Noticed a brown ugly thing
 14910 | D:11     | Killed a brown ugly thing
 14920 | D:11     | Found a staircase to the Lair.
 14960 | D:11     | Reached skill level 1 in Invocations
 15017 | D:11     | Reached **** piety under Makhleb
 15077 | D:11     | Reached XP level 12. HP: 34/78 MP: 6/13
 15200 | D:11     | Found Ynoji's Antique Weapon Shop.
 15643 | D:12     | Noticed Azrael
 16086 | Lair:1   | Entered Level 1 of the Lair of Beasts
 16280 | Lair:1   | Reached skill level 10 in Shields
 16280 | Lair:1   | Reached skill level 5 in Invocations
 16902 | Lair:2   | Found a hole to the Spider Nest.
 17023 | Lair:2   | Found a runed translucent door.
 17026 | Lair:2   | Noticed a five-headed hydra
 17033 | Lair:2   | Killed a five-headed hydra
 17089 | Lair:2   | Reached skill level 11 in Fighting
 17089 | Lair:2   | Reached XP level 13. HP: 84/84 MP: 17/19
 17114 | Lair:2   | Found a staircase to the Shoals.
 17493 | Lair:2   | Noticed Weugil's ghost (journeyman HaBe)
 17786 | Lair:3   | Noticed passata's ghost (journeyman DEFE)
 17939 | Lair:3   | Gained mutation: Your large and strong wings let you fly
                  | indefinitely. [Gargoyle growth]
 17939 | Lair:3   | Reached XP level 14. HP: 24/90 MP: 21/21
 18079 | Lair:3   | Found a transporter.
 18110 | Lair:3   | Identified 3 scrolls of acquirement
 18110 | Lair:3   | Acquired the +0 pair of gloves of Lositynt {Regen+ Str+2
                  | Int+3 Dex+4}
 18111 | Lair:3   | Acquired 950 gold pieces
 18112 | Lair:3   | Acquired 3750 gold pieces
 18209 | Lair:3   | Found a transporter.
 18405 | Lair:3   | Reached skill level 10 in Invocations
 19118 | Lair:4   | Noticed Snorg
 19138 | Lair:4   | Killed Snorg
 19598 | Lair:5   | Noticed Urug
 19623 | Lair:5   | Killed Urug
 19643 | Lair:5   | Noticed Kirke
 19677 | Lair:5   | Killed Kirke
 19708 | Lair:5   | Found a staircase to the Slime Pits.
 19892 | Lair:5   | Noticed Josephine
 19903 | Lair:5   | Killed Josephine
 20469 | Lair:6   | Entered Level 6 of the Lair of Beasts
 20596 | Lair:6   | Reached ***** piety under Makhleb
 20775 | Lair:6   | Reached skill level 12 in Fighting
 21197 | Lair:6   | Reached XP level 15. HP: 97/97 MP: 23/23
 21331 | Lair:6   | Found a runed translucent door.
 22047 | Lair:6   | Reached skill level 13 in Fighting
 22570 | D:11     | Killed Azrael
 22738 | D:12     | Found a basalt altar of Yredelemnul.
 23130 | D:12     | Noticed Erolcha
 23148 | D:12     | Killed Erolcha
 23163 | D:12     | You fall into a shaft and drop 3 floors!
 23163 | D:15     | Entered Level 15 of the Dungeon
 23268 | D:15     | Acquired the +10 morningstar "Eos" {elec, Halo rElec}
 23269 | D:15     | Found the +10 morningstar "Eos" {elec, Halo rElec}
 23572 | D:15     | Reached skill level 10 in Armour
 23622 | D:15     | Found a staircase to the Depths.
 23627 | D:15     | Reached ****** piety under Makhleb
 23916 | D:15     | Found a sacrificial altar of Ru.
 23939 | D:15     | Reached skill level 14 in Fighting
 24150 | D:14     | Found a frozen archway.
 24154 | IceCv    | Entered an ice cave
 24223 | IceCv    | Reached XP level 16. HP: 106/106 MP: 24/24
 24439 | IceCv    | Got a jewelled scale mail
 24450 | IceCv    | Identified the +5 scale mail of the World {Slay+6} (You
                  | found it in an ice cave)
 25174 | D:14     | Noticed Nessos
 25196 | D:14     | Killed Nessos
 26105 | D:13     | Noticed Frances
 26111 | D:13     | Found a flagged portal.
 26125 | D:13     | Killed Frances
 26165 | Bailey   | Entered a bailey
 26530 | D:13     | Acquired 2140 gold pieces
 26745 | D:13     | Found a gate to the Vaults.
 27150 | D:12     | Found Xuerorph's Food Shoppe.
 27401 | Orc:1    | Entered Level 1 of the Orcish Mines
 27618 | Orc:1    | Reached skill level 15 in Maces & Flails
 28014 | Orc:2    | Entered Level 2 of the Orcish Mines
 28155 | Orc:2    | Noticed Jorgrun
 28170 | Orc:2    | Killed Jorgrun
 28179 | Orc:2    | Found Nekhergh's Book Emporium.
 28343 | Orc:2    | Found a roughly hewn altar of Beogh.
 28447 | Orc:2    | Reached XP level 17. HP: 111/111 MP: 26/26
 28492 | Orc:2    | Found Gerax's Food Shop.
 28492 | Orc:2    | Found Jiulob's Armour Emporium.
 28515 | Orc:2    | Found Ratalut's Weapon Shoppe.
 28517 | Orc:2    | Found Lueshato's Distillery.
 28522 | Orc:2    | Bought the +0 mask of the Dragon {MR+ Slay+3 SInv} for 501
                  | gold pieces
 28522 | Orc:2    | Found the +0 mask of the Dragon {MR+ Slay+3 SInv}
 28538 | Orc:2    | Lost mutation: You are agile. (Dex +2) [potion of mutation]
 28538 | Orc:2    | Lost mutation: You have large cloven feet. [potion of
                  | mutation]
 28538 | Orc:2    | Lost mutation: Your mind is acute. (Int +2) [potion of
                  | mutation]
 28538 | Orc:2    | Gained mutation: You are partially covered in thin metallic
                  | scales. (AC +2) [potion of mutation]
 28538 | Orc:2    | Gained mutation: You have an increased reservoir of magic.
                  | (+10% MP) [potion of mutation]
 28539 | Orc:2    | Lost mutation: You have an increased reservoir of magic.
                  | (+10% MP) [potion of mutation]
 28539 | Orc:2    | Lost mutation: You are partially covered in thin metallic
                  | scales. (AC +2) [potion of mutation]
 28539 | Orc:2    | Gained mutation: You are robust. (+10% HP) [potion of
                  | mutation]
 28539 | Orc:2    | Gained mutation: You are somewhat resistant to further
                  | mutation. [potion of mutation]
 28688 | Orc:2    | Found a staircase to the Elven Halls.
 29218 | Spider:1 | Entered Level 1 of the Spider Nest
 29516 | Spider:1 | You are sucked into a shaft and drop 1 floor!
 30014 | Spider:2 | Identified the +3 kite shield of Mumblety Peg {*Contam rF+
                  | rC+ rN++}
 30014 | Spider:2 | Noticed Donald
 30028 | Spider:2 | Killed Donald
 30464 | Spider:3 | Reached skill level 15 in Invocations
 31006 | Spider:4 | Entered Level 4 of the Spider Nest
 31242 | Spider:4 | Reached XP level 18. HP: 129/129 MP: 29/29
 31308 | Spider:4 | Reached skill level 15 in Fighting
 31308 | Spider:4 | Reached skill level 15 in Shields
 31320 | Spider:4 | Reached skill level 1 in Evocations
 31538 | Spider:4 | Got a gossamer rune of Zot
 32135 | Shoals:1 | Entered Level 1 of the Shoals
 32412 | Shoals:1 | Found a runed translucent gate.
 32412 | Shoals:1 | Found a runed translucent gate.
 32412 | Shoals:1 | Found a runed translucent gate.
 32446 | Shoals:1 | Noticed pepi55's ghost (journeyman GnAM)
 32549 | Shoals:1 | Reached skill level 5 in Evocations
 32924 | Shoals:2 | Reached skill level 16 in Fighting
 33657 | Shoals:3 | Found a transporter.
 33662 | Shoals:3 | Noticed Name63's ghost (adept GnWz)
 33665 | Shoals:3 | Found a bloodstained altar of Trog.
 33665 | Shoals:3 | Found a transporter.
 33666 | Shoals:3 | Identified the +9 trident of Domination {antimagic, rN+ MR-
                  | SInv}
 34316 | Shoals:4 | Entered Level 4 of the Shoals
 34427 | Shoals:4 | Reached XP level 19. HP: 83/139 MP: 30/30
 34459 | Shoals:4 | Got a barnacled rune of Zot
 34802 | Shoals:4 | Reached skill level 10 in Dodging
 35219 | Shoals:4 | Got a transparent crystal plate armour
 35230 | Shoals:4 | Identified the cursed +1 crystal plate armour of the Moon
                  | Troll {Harm Int+2} (You found it on level 4 of the Shoals)
 35540 | Vaults:1 | Entered Level 1 of the Vaults
 35645 | Vaults:1 | Found Samajea's Assorted Antiques.
 36635 | Vaults:2 | Found Qearath's Weapon Boutique.
 37007 | Vaults:2 | You are sucked into a shaft and drop 2 floors!
 37035 | Vaults:4 | Reached XP level 20. HP: 145/145 MP: 31/31
 38161 | Vaults:4 | Reached skill level 15 in Dodging
 38269 | Vaults:4 | Identified the Compendium of Aerial Conjuration
 38940 | Vaults:3 | Reached XP level 21. HP: 90/150 MP: 32/32
 39373 | Vaults:3 | Found the +8 glaive of the Guard {elec, +Rage AC+5 SInv}
 40531 | Vaults:2 | Found a staircase to the Crypt.
 41280 | Elf:1    | Entered Level 1 of the Elven Halls
 41319 | Elf:1    | Found Bisu Pio's Magic Scroll Boutique.
 41366 | Elf:1    | Acquired a manual of Conjurations
 41391 | Elf:1    | Reached skill level 17 in Fighting
 41606 | Elf:1    | Reached XP level 22. HP: 158/158 MP: 33/33
 41704 | Elf:1    | Identified the ring "Dunafe" {Fire *Slow rElec rN+}
 41738 | Elf:1    | Got a bound iron amulet
 41741 | Elf:1    | Got a scorched jade ring
 41774 | Elf:1    | Identified the amulet of Kikubaaqudgha's Scorn {Faith
                  | rPois} (You found it on level 1 of the Elven Halls)
 41775 | Elf:1    | Identified the ring "Zuniss" {rC+ MR+ AC+4} (You found it
                  | on level 1 of the Elven Halls)
 41776 | Elf:1    | Identified the ring of Toaria {rF+ Str+2 Int+4 Dex+6
                  | Stlth+} (You found it on level 1 of the Elven Halls)
 42201 | Elf:2    | Found a ruined gateway.
 42236 | Desolati | Entered the Desolation of Salt
 42449 | Desolati | Got a bloodstained plate armour
 42453 | Desolati | Got a transparent cloak
 42454 | Desolati | Identified the cursed +1 plate armour of Wuuptur {-Cast
                  | rPois rCorr SInv} (You found it in the Desolation of Salt)
 42455 | Desolati | Identified the +2 cloak of the Black Moon {Regen+} (You
                  | found it in the Desolation of Salt)
 42835 | Desolati | Identified the Guide on Confrontation
 42845 | Desolati | Identified the cursed +1 flail "Coriaw" {vorpal, Str+7
                  | Dex-5} (You found it in the Desolation of Salt)
 42930 | Desolati | Reached skill level 15 in Armour
 42971 | Desolati | Identified the +3 plate armour of Fedhas's Favour {*Slow
                  | Str+8 Stlth+} (You found it in the Desolation of Salt)
 43300 | Elf:2    | Found a portal to a secret trove of treasure.
 43467 | Elf:2    | Found a huge runed translucent gate.
 43467 | Elf:2    | Found a huge runed translucent gate.
 43467 | Elf:2    | Found a huge runed translucent gate.
 43468 | Elf:2    | Found a huge runed translucent gate.
 43470 | Elf:2    | Found a huge runed translucent gate.
 43682 | Elf:2    | Identified Roxanne's Disquisition on Transmigration
 43682 | Elf:2    | Noticed Roxanne
 43697 | Elf:2    | Killed Roxanne
 44192 | Elf:3    | Entered Level 3 of the Elven Halls
 44230 | Elf:3    | Reached XP level 23. HP: 166/166 MP: 34/34
 44408 | Elf:3    | Reached skill level 18 in Fighting
 44587 | Elf:3    | Identified the +5 great sword "Ypeaj" {pain, Fragile rN++}
                  | (You found it on level 3 of the Elven Halls)
 44596 | Elf:3    | Identified the +2 battleaxe of Fimbulwinter {flame, rF-
                  | MR++ Int+4} (You found it on level 3 of the Elven Halls)
 44741 | Elf:3    | Identified the ring "Geugostro" {*Slow rN+ MR+++ Str+9}
                  | (You found it on level 3 of the Elven Halls)
 44757 | Elf:3    | Identified the cursed +2 broad axe "Murmur" {vorpal, +Rage
                  | Dex+9 Stlth-} (You found it on level 3 of the Elven Halls)
 45646 | Depths:1 | Entered Level 1 of the Depths
 45703 | Depths:1 | Found a runed translucent door.
 45780 | Depths:1 | Learned a level 3 spell: Spectral Weapon
 45786 | Depths:1 | Learned a level 5 spell: Silence
 45959 | Depths:1 | Reached skill level 19 in Fighting
 46119 | Depths:1 | Noticed Nikola
 46128 | Depths:1 | Killed Nikola
 46294 | Depths:1 | Found a one-way gate leading to the halls of Pandemonium.
 46373 | Depths:1 | Found a gateway to a ziggurat.
 46439 | Depths:1 | Reached XP level 24. HP: 177/177 MP: 34/34
 46718 | Depths:1 | Found a gateway to Hell.
 47395 | Vaults:1 | Bought a scroll of enchant armour for 300 gold pieces
 47880 | Depths:2 | Noticed a shard shrike
 47902 | Depths:2 | Killed a shard shrike
 47953 | Depths:2 | Reached skill level 20 in Fighting
 47972 | Depths:2 | Noticed an ancient lich
 47981 | Depths:2 | Killed an ancient lich
 48102 | Depths:2 | Noticed the Enchantress
 48132 | Depths:2 | Killed the Enchantress
 49047 | Depths:3 | Noticed Margery
 49072 | Depths:3 | Killed Margery
 49109 | Depths:3 | Reached skill level 21 in Fighting
 49222 | Depths:3 | Noticed Sojobo
 49252 | Depths:3 | Reached XP level 25. HP: 141/188 MP: 34/34
 49271 | Depths:3 | Killed Sojobo
 49808 | Depths:3 | Noticed Mennas
 49852 | Depths:3 | Killed Mennas
 49891 | Depths:3 | Noticed Mara
 49916 | Depths:3 | Noticed DogServant's illusion
 49923 | Depths:3 | Noticed DogServant's illusion
 49930 | Depths:3 | Killed Mara
 50470 | Depths:4 | Reached skill level 22 in Fighting
 50505 | Depths:4 | Noticed Saint Roka
 50522 | Depths:4 | Killed Saint Roka
 50856 | Depths:4 | Found a one-way gate to the infinite horrors of the Abyss.
 51233 | Depths:5 | Entered Level 5 of the Depths
 51233 | Depths:5 | Found a corrupted altar of Lugonu.
 51459 | Depths:5 | Noticed a juggernaut
 51474 | Depths:5 | Killed a juggernaut
 51616 | Depths:5 | Reached XP level 26. HP: 199/199 MP: 34/34
 51845 | Depths:5 | Found a gate to the Realm of Zot.
 54246 | Vaults:5 | Entered Level 5 of the Vaults
 54256 | Vaults:5 | Reached skill level 23 in Fighting
 54271 | Vaults:5 | Reached skill level 24 in Fighting
 54280 | Vaults:5 | Cast into level 3 of the Abyss (+0 halberd of distortion)
 54424 | Vaults:5 | Escaped the Abyss
 54476 | Vaults:5 | Reached skill level 25 in Fighting
 54488 | Vaults:5 | Paralysed by a floating eye for 2 turns
 54493 | Vaults:5 | Noticed an ancient lich
 54503 | Vaults:5 | Killed an ancient lich
 54549 | Vaults:5 | Reached XP level 27. HP: 214/214 MP: 34/34
 54568 | Vaults:5 | Learned a level 5 spell: Aura of Abjuration
 54781 | Vaults:5 | Found the +8 arc blade {discharge, rElec}
 54937 | Vaults:5 | Reached skill level 26 in Fighting
 55153 | Vaults:5 | Identified the Papyrus of the Unstable Entourage
 55675 | Vaults:5 | Got a silver rune of Zot
 56132 | Orc:2    | Bought a potion of mutation for 104 gold pieces
 56851 | Hell     | Entered the Vestibule of Hell
 56851 | Hell     | Noticed Geryon
 56871 | Hell     | Killed Geryon
 57012 | Hell     | Reached skill level 27 in Fighting
 57031 | Hell     | Lost mutation: You are robust. (+10% HP) [a cacodemon]
 57248 | Hell     | Cast into level 2 of the Abyss (hell knight)
 57248 | Abyss:2  | Found a corrupted altar of Lugonu.
 57360 | Hell     | Escaped the Abyss
 57484 | Hell     | Found a gateway to the Iron City of Dis.
 57514 | Hell     | Found a gateway to the ashen valley of Gehenna.
 57693 | Hell     | Found a gateway to the decaying netherworld of Tartarus.
 57828 | Hell     | Found a gateway to the freezing wastes of Cocytus.
 57905 | Geh:1    | Entered Level 1 of Gehenna
 57913 | Geh:1    | Reached skill level 1 in Summonings
 58214 | Geh:4    | Reached skill level 5 in Summonings
 58388 | Geh:4    | Killed from afar by a hellion

Illustrated notes

Levels and vault maps discovered:
D:1:      ncdulo_wetmaze, layout_rooms, roderic_roman_lattice, ashenzari_altar_1
D:2:      layout_loops_ring, first_ration
D:3:      layout_loops_cross, uniq_robin
D:4:      layout_basic, gammafunk_temple_overflow_wave, portal_sewer_entry_c,
          uniq_menkaure, uniq_edmund
D:5:      minmay_angry_zag, layout_cave_pools, grunt_qazlal_sundering,
          uniq_pikel, uniq_eustachio
D:6:      layout_rooms, minmay_temple_entry_large_hall, minmay_misc_feat_tower,
          chequers_avenue
D:7:      gammafunk_cloud_chamber, layout_loops_ring, zin_angel,
          vehumet_crystals, grunt_livestock
D:8:      layout_layer_cave, gammafunk_temple_overflow_pools, uniq_maurice
D:9:      layout_loops_ring
D:10:     layout_loops_cross, orc_0_dummy, glass_columns_a, minmay_bent,
          uniq_joseph
D:11:     layout_cave_pods, grunt_lair_entry_orc_guard_hut, serial_shops,
          nicolae_shop_stone
D:12:     layout_irregular_city, serial_shops, kennysheep_little_box,
          yredelemnul_altar_generic, uniq_azrael, uniq_erolcha
D:13:     layout_loops_ring, david_vaults_4, enter_bailey_3, kennysheep_path_1,
          uniq_frances
D:14:     layout_layer_cave, portal_ice_cave_entry_pillars_2, uniq_nessos
D:15:     hangedman_depths_entry_try_elsewhere_first, layout_gridville,
          serial_park_square3 [serial_park_minivault_5x5_4], basic_altar
Temple:   eino_wide_crystal_templ
Lair:1:   layout_long_grid
Lair:2:   layout_regular_city, elwin_shoals_entry_rocks,
          nicolae_spider_entry_non_spiders, ebering_ghost_reflecting_pool
Lair:3:   layout_loops_ring, gammafunk_ghost_arena, lemuel_fruit_fields,
          infiniplex_staircase_pool
Lair:4:   layout_small_grid, minmay_lair_oklob_bushes, uniq_snorg
Lair:5:   pond_and_an_island_with_a_cottage, layout_regular_city,
          nicolae_slime_entry_slimehenge, gauntlet_entry_generic,
          grunt_megastairs_2, infiniplex_staircase_pool_2, uniq_kirke,
          uniq_urug, uniq_josephine
Lair:6:   wormcave, layout_loops_ring, hangedman_lair_caniforms_friends,
          serial_bayou_pond_a
Shoals:1: layout_shoals, gammafunk_ghost_tricky_traps
Shoals:2: layout_shoals
Shoals:3: layout_shoals, gammafunk_ghost_wrathful_warriors
Shoals:4: shoals_end_hangedman, layout_shoals
Spider:1: layout_spider_delve
Spider:2: layout_spider_delve, uniq_donald
Spider:3: layout_spider_delve
Spider:4: grunt_spider_rune_circles
Orc:1:    layout_caves
Orc:2:    st_orc_rangers, layout_diamond_mine, serial_shops,
          nicolae_shop_waterfront, basic_altar, abandoned_shop, uniq_jorgrun
Elf:1:    minmay_the_grid_triangle_9x9_recursive_2_mashed
          [minmay_the_grid_triangle_9x9_prize_special,
          minmay_the_grid_triangle_9x9_dagger,
          minmay_the_grid_triangle_9x9_negative_grid,
          minmay_the_grid_triangle_9x9_impossible_snake], layout_rooms,
          serial_shops, shop_scrolls, hangedman_elf_represent, library_closet
Elf:2:    layout_geoelf_octagon, portal_desolation_entry_salt,
          nicolae_trove_entry_diagonal, minivault_28, uniq_roxanne
Elf:3:    minmay_elf_hall_golems, layout_loops_corners
Vaults:1: v_rooms_4, vaults_standard_mumra_x, ontoclasm_vaults_chip,
          vaults_mumra_hexcomb, ontoclasm_vaults_gateway,
          hangedman_vaults_cutoff, v_misc_5, vaults_room_hallway,
          nicolae_vaults_little_squares_2, layout_vaults_omnicross,
          serial_shops, shop
Vaults:2: hangedman_vaults_cutoff, vaults_mumra_hex, vaults_mumra_lcd,
          vaults_dpeg_hooks, v_misc_30, serial_ice_b, hangedman_vaults_pinch,
          nicolae_vaults_asterisk, dpeg_vaults_monster_box,
          layout_vaults_omnigrid, dummy_crypt_entry, serial_shops, shop
Vaults:3: v_misc_8, vaults_room_boxed, dpeg_vaults_monster_row,
          nicolae_vaults_windows_and_doors_thing, vaults_room_hallway,
          nicolae_vaults_network_star, v_misc_27,
          minmay_guarded_unrand_guard_vaults, vaults_room_ringed_pool,
          nicolae_vaults_angled_halls, ontoclasm_vaults_twist, v_misc_31,
          layout_vaults_ring
Vaults:4: vaults_dpeg_diagonal, ontoclasm_vaults_loading_screen, st_cross,
          v_misc_18, v_rooms_5, v_misc_1, ontoclasm_vaults_chip, v_pattern_5,
          nicolae_vaults_diagonal_hallway_7, nicolae_vaults_little_squares_6,
          nicolae_vaults_asterisk, nicolae_vaults_border_crossing,
          layout_vaults_chaotic_city
Vaults:5: serial_shops
Depths:1: layout_gridlike, enter_ziggurat_f, grunt_decor_mini_mirrors,
          grunt_hell_entry_dis_grunt, grunt_pan_entry_in_and_out,
          minmay_hidden_floor, uniq_nikola
Depths:2: hangedman_crystal_crosses_colossus [crystal_crosses_arms_four,
          crystal_crosses_arms_four, crystal_crosses_arms_two,
          crystal_crosses_arms_two], hell_entry, uniq_enchantress
Depths:3: ragdoll_tomb_raider, layout_gridlike, lightli_too_deep,
          nicolae_twisting_strands, rand_demon_pan_entry_8,
          infiniplex_staircase_star, uniq_mara, uniq_margery, uniq_mennas,
          uniq_sojobo
Depths:4: kennysheep_scales, layout_cave_shapes, hell_entry,
          minmay_strange_pillars, abyss_entry, kennysheep_generic_room_3,
          serial_bayou_shore_b, uniq_saint_roka
Depths:5: grunt_zot_entry_gee_three, layout_cave_pools, abyss_entry_flame_altar,
          rand_demon_pan_entry_9, hangedman_coc_ice_floe
Hell
Geh:1:    layout_gehenna_lava_caves
Geh:2:    layout_gehenna_pools_triple
Geh:3:    layout_gehenna_pools_basic, lemuel_flamethrower_2
Geh:4:    layout_gehenna_pools_triple, lemuel_hellion_isle

Skill      XL: |  1  2  3  4  5  6  7  8  9 10 11 12 13 14 15 16 17 18 19 20 21 22 23 24 25 26 27 |
---------------+----------------------------------------------------------------------------------+-----
Shields        | 4 5 8 11 12 14 15 | 15.0
Fighting       | 4 5 6 9 10 11 12 14 16 17 19 21 22 25 27 | 27.0
Armour         | 4 5 6 7 10 11 15 | 15.1
Maces & Flails | 3 4 6 8 11 12 15 16 18 19 21 | 21.5
Dodging        | 1 5 6 7 9 13 16 17 18 | 18.0
Invocations    | 2 8 9 11 13 15 16 | 16.8
Evocations     | 7 8 |  8.0
Summonings     | 6 |  6.5

Action                   |  1- 3 |  4- 6 |  7- 9 | 10-12 | 13-15 | 16-18 | 19-21 | 22-24 | 25-27 || total
-------------------------+-------+-------+-------+-------+-------+-------+-------+-------+-------++-------
Melee: Flail             |    22 |       |       |       |       |       |       |       |       ||    22
       Whip              |   104 |   412 |   461 |  1043 |  1519 |       |       |       |       ||  3539
       Kick              |       |       |       |       |    30 |       |       |       |       ||    30
       Morningstar       |       |       |       |       |   173 |  1456 |  1140 |  1431 |  1518 ||  5718
Invok: Lesser Servant of |       |       |       |       |    20 |       |       |       |       ||    20
       Major Destruction |       |       |       |       |     4 |       |       |     3 |       ||     7
       Greater Servant o |       |       |       |       |       |       |       |     4 |       ||     4
 Abil: Fly               |       |       |       |       |       |     1 |       |     1 |     1 ||     3
       Stop Flying       |       |       |       |       |       |       |     1 |     1 |       ||     2
Evoke: Wand              |       |       |       |     3 |     8 |       |       |     1 |       ||    12
  Use: Scroll            |       |     1 |     9 |    10 |    15 |     9 |     4 |    23 |     5 ||    76
       Potion            |       |     1 |     7 |     4 |       |     3 |       |     2 |       ||    17
 Stab: Distracted        |       |       |       |       |     1 |     1 |       |     1 |       ||     3
       Petrified         |       |       |       |       |       |       |       |     4 |       ||     4
       Petrifying        |       |       |       |       |       |       |       |     1 |       ||     1
       Invisible         |       |       |       |       |       |       |       |       |     1 ||     1
  Eat: Chunk             |       |    10 |    11 |    15 |    19 |    31 |    24 |    22 |    19 ||   151
       Ration            |       |       |     1 |     4 |     2 |     1 |       |     1 |     4 ||    13
Armor: Scale mail        |    61 |   208 |   199 |   295 |   388 |   520 |    18 |       |       ||  1689
       Crystal plate arm |       |       |       |       |       |       |   299 |   387 |       ||   686
       Gold dragon scale |       |       |       |       |       |       |       |   192 |   847 ||  1039
Dodge: Dodged            |    35 |   111 |    89 |   278 |   684 |   962 |   241 |   665 |   816 ||  3881
Block: Kite shield       |    57 |   201 |   186 |   374 |   951 |  1478 |   991 |  1510 |  1813 ||  7561
       Reflection        |       |       |       |       |       |    25 |    91 |    74 |    58 ||   248
